 Dungeon Crawl Stone Soup version 0.30-a0-824-g6c64550be9 (webtiles) character file.

Game seed: 2504915348117597890

8456 NinjaNoafa the Spear-Bearer (level 11, -1/87 HPs)
             Began as a Hill Orc Monk on Feb 27, 2023.
             Was a High Priest of Hepliaklqana.
             Slain by a sun demon (8 damage)
             ... summoned by a kobold demonologist
             ... on level 10 of the Dungeon on Feb 28, 2023.
             The game lasted 00:35:00 (9018 turns).

NinjaNoafa the Spear-Bearer (Hill Orc Monk)         Turns: 9018, Time: 00:35:01

Health: -1/87      AC: 22    Str: 19    XL:     11   Next: 31%
Magic:  18/18      EV:  6    Int: 10    God:    Hepliaklqana [*****.]
Gold:   577        SH:  0    Dex: 13    Spells: 10/10 levels left

rFire   . . .      SeeInvis +    a - +5 glaive (flame) {I'll brb, leave a message}
rCold   . . .      Faith    +    (shield currently unavailable)
rNeg    + . .      Spirit   .    c - +0 plate armour
rPois   .          Reflect  .    K - +2 helmet
rElec   .          Harm     .    d - scarf {shadows}
rCorr   .          Rampage  .    k - +2 pair of gloves
Will    .....                    s - +2 pair of boots Stlth
                                 r - amulet of faith
HPRegen 0.34/turn                J - ring of positive energy
MPRegen 0.16/turn                O - ring of see invisible

@: no status effects
A: reduced essence
a: Renounce Religion, Recall Ancestor, Ancestor Identity, Transference, Idealise


You were on level 10 of the Dungeon.
You worshipped Hepliaklqana.
Hepliaklqana was extremely pleased with you.
You visited 2 branches of the dungeon, and saw 11 of its levels.
You also visited: Sewer and Ossuary.

You collected 601 gold pieces.
You spent 24 gold pieces at shops.

Inventory:

Hand Weapons
 a - a +5 glaive of flaming (weapon) {I'll brb, leave a message}
 b - a +2 short sword of venom
Missiles
 o - 3 boomerangs (quivered)
 B - 33 poisoned darts
 F - 5 curare-tipped darts
 L - 5 throwing nets
Armour
 c - a +0 plate armour (worn)
 d - a scarf of shadows (worn)
 k - a +2 pair of gloves (worn)
 s - a +2 pair of boots (worn)
 K - a +2 helmet (worn)
Jewellery
 r - an amulet of faith (around neck)
 J - a ring of positive energy (left hand)
 O - a ring of see invisible (right hand)
Wands
 z - a wand of paralysis (7)
 G - a wand of mindburst (15)
 I - a wand of roots (19)
 N - a wand of digging (4)
Scrolls
 g - 2 scrolls of poison {unknown}
 h - 2 scrolls of immolation {unknown}
 i - a scroll of acquirement {unknown}
 l - 2 scrolls of torment {unknown}
 m - 7 scrolls of teleportation
 n - 2 scrolls of blinking
 p - a scroll of fog
 u - 2 scrolls of noise {unknown}
 w - a scroll of magic mapping {unknown}
 x - 2 scrolls of vulnerability {unknown}
 y - 5 scrolls of fear
 P - a scroll of amnesia {unknown}
 R - a scroll of identify
Potions
 e - 11 potions of curing
 f - 5 potions of brilliance
 j - a potion of lignification {unknown}
 q - a potion of degeneration {unknown}
 t - 3 potions of cancellation
 v - 2 potions of invisibility
 A - 7 potions of might
 C - 2 potions of magic
 D - a potion of heal wounds {unknown}
 E - 4 potions of haste
 H - a potion of attraction {unknown}
 M - 4 potions of mutation {unknown}
 Q - a potion of ambrosia


   Skills:
 - Level 9.0 Fighting
 - Level 13.6 Polearms
 - Level 6.3 Armour
 - Level 2.4 Dodging
 - Level 1.5 Stealth
 + Level 10.5 Invocations
 + Level 1.5 Evocations


You had 10 spell levels left.
You didn't know any spells.
Your spell library contained the following spells:

 Spells                   Type           Power      Damage    Failure   Level
 Apportation              Tloc           0%         N/A       100%        1
 Freeze                   Ice            0%         1d3       100%        1
 Magic Dart               Conj           0%         1d3       100%        1
 Sting                    Tmut/Pois      0%         1d3       100%        1
 Call Imp                 Summ           0%         N/A       100%        2
 Cigotuvi's Dreadful Rot  Necr/Pois/Air  0%         N/A       100%        2
 Poisonous Vapours        Pois/Air       0%         N/A       100%        2
 Call Canine Familiar     Summ           0%         N/A       100%        3
 Dazzling Flash           Conj/Hex       0%         N/A       100%        3
 Frozen Ramparts          Ice            0%         1d1       100%        3
 Hailstorm                Conj/Ice       0%         3d3       100%        3
 Mephitic Cloud           Conj/Pois/Air  0%         N/A       100%        3
 Ozocubu's Armour         Ice            0%         N/A       100%        3
 Portal Projectile        Hex/Tloc       0%         N/A       100%        3
 Stone Arrow              Conj/Erth      0%         3d7       100%        3
 Ice Form                 Ice/Tmut       0%         N/A       100%        4
 Leda's Liquefaction      Hex/Erth       0%         N/A       100%        4
 Passage of Golubria      Tloc           0%         N/A       100%        4
 Petrify                  Tmut/Erth      0%         N/A       100%        4
 Agony                    Necr           0%         N/A       100%        5
 Alistair's Intoxication  Tmut/Pois      0%         N/A       100%        5
 Borgnjor's Vile Clutch   Necr/Erth      0%         N/A       100%        5
 Lee's Rapid Deconstruct  Erth           0%         3d4*      100%        5
 Silence                  Hex/Air        0%         N/A       100%        5
 Simulacrum               Ice/Necr       0%         N/A       100%        6
 Statue Form              Tmut/Erth      0%         N/A       100%        6
 Ozocubu's Refrigeration  Ice            0%         4d7       100%        7
 Lehudib's Crystal Spear  Conj/Erth      0%         10d2      100%        8


Dungeon Overview and Level Annotations

Branches:
Dungeon (10/15)            Temple (1/1) D:4            Lair (0/5) D:8
    Orc (0/2) D:10          Sewer (visited)         Ossuary (visited)

Altars:
Ashenzari
Cheibriados
Dithmenos
Elyvilon
Fedhas
Gozag
Hepliaklqana
Kikubaaqudgha
Makhleb
Nemelex Xobeh
Okawaru
Qazlal
Ru
Sif Muna
Trog
Uskayaw
Vehumet
Wu Jian
Xom
Yredelemnul
Zin
The Shining One

Shops:
D:2 *

Annotations:
D:7 1 runed translucent door, Crazy Yiuf
D:9 2 transporters, tgirl's ghost, novice VSEn


Message History

The kobold demonologist mumbles some strange words.
Okay, then.
You completely miss the kobold. The sixfirhy hits you! The sixfirhy shocks you!
The sixfirhy hits you but does no damage.
The sixfirhy closely misses you.
The sixfirhy hits you but does no damage.
The crimson imp blinks!
The sixfirhy hits you but does no damage.
The kobold demonologist mumbles some strange words.
The sixfirhy barely misses you.
The sixfirhy hits you but does no damage.
(D) Dungeon (T) Temple (L) Lair (O) Orcish Mines
Where to? (Enter - D:10 @ (x,y), ? - help)
Okay, then.
Aiming: Mindburst
Press: ? - help, Shift-Dir - straight line, f/p - kobold demonologist
Aim: a kobold demonologist, wielding a +0 dagger and wearing a +0 robe (moderately wounded, chance to affect: 54%)
The kobold demonologist's mind is blasted!
The kobold demonologist casts a spell.
You barely miss the kobold demonologist.
The kobold demonologist is almost dead.
The sun demon hits you!
You are engulfed in flames!
* * * LOW HITPOINT WARNING * * *
The kobold demonologist looks braver for a moment.
The kobold demonologist casts a spell.
You slash the kobold demonologist! You burn the kobold demonologist.
You kill the kobold demonologist!
The soul eater disappears in a puff of smoke!
The red devil disappears in a puff of smoke!
The sixfirhy hits you.
* * * LOW HITPOINT WARNING * * *
The sixfirhy shocks you!
* * * LOW HITPOINT WARNING * * *
The sixfirhy hits you.
* * * LOW HITPOINT WARNING * * *
The sixfirhy shocks you!
* * * LOW HITPOINT WARNING * * *
The sixfirhy hits you but does no damage.
The sun demon hits you!
You die...

#....... #........
#...5....
#####........
#.....§......
+...55§......
#.K5K3)......
#########§..#3@[.....
......55455K#........
......KK.K..#........
.....K......#........
......).K...#........
.....)3.....#........
............#........
............#.......
............#.......


You could see a sun demon (summoned), a kobold demonologist, a sixfirhy
(summoned), a quasit (summoned), 2 crimson imps, an ufetubus (summoned) and a
kobold.

Vanquished Creatures
  A two-headed ogre (D:8)
  Maurice (D:9)
  Joseph (D:8)
  Maggie (D:8)
  3 kobold demonologists (D:10)
  A troll (D:9)
  A shadow (D:9)
  A ynoxinul (D:9)
  Eustachio (D:5)
  A yak (D:9)
  Edmund (D:4)
  2 orc warriors
  A black bear (D:8)
  2 ogres
  2 centaurs
  2 kobold brigands
  2 elf zombies (Ossuary)
  3 bullfrogs
  5 wights
  3 killer bees (D:9)
  4 howler monkeys
  4 hounds
  An orc priest (D:9)
  2 gnoll boudas
  2 centaur zombies (Ossuary)
  2 iguanas
  4 orc wizards
  A knight (D:7)
  2 mummies (Ossuary)
  8 gnolls
  4 adders
  A shadow imp (D:7)
  An ufetubus (D:5)
  A worm (D:4)
  A dart slug (D:3)
  16 orcs
  8 bats
  4 endoplasms
  A giant cockroach (D:1)
  A gnoll zombie (D:6)
  5 goblins
  5 hobgoblins
  2 quokkas
  5 ball pythons
  2 frilled lizards
  A goblin zombie (Ossuary)
  5 hobgoblin zombies (Ossuary)
  15 kobolds
  3 kobold zombies (Ossuary)
  7 orc zombies (Ossuary)
  7 rats
  2 rat zombies (Ossuary)
162 creatures vanquished.

Vanquished Creatures (collateral kills)
  Harold (D:9)
  A gargoyle (D:10)
  2 yaks (D:9)
  2 ice beasts
  A sky beast (D:7)
  An orc warrior (D:8)
  3 ogres
  A centaur (D:10)
  2 phantoms
  4 kobold brigands
  A bullfrog (D:6)
  2 necrophages
  4 wights
  A killer bee (D:9)
  2 howler monkeys (D:9)
  4 hounds
  2 jellies
  A gnoll bouda (D:6)
  4 orc wizards
  5 gnolls
  A river rat (D:5)
  2 white imps
  2 ufetubi (D:5)
  2 worms (D:5)
  17 orcs
  A bat (Sewer)
  2 endoplasms (D:4)
  3 giant cockroaches
  A goblin (D:4)
  9 kobolds
  3 quokkas (D:4)
  3 ball pythons
  2 goblin zombies (Ossuary)
  5 hobgoblin zombies (Ossuary)
  A jackal zombie (Ossuary)
  3 kobold zombies (Ossuary)
  3 orc zombies (Ossuary)
  3 rats
  A rat zombie (Ossuary)
108 creatures vanquished.

Vanquished Creatures (others)
  3 knights
  2 plants (D:9)
5 creatures vanquished.

Grand Total: 275 creatures vanquished

Notes
Turn   | Place    | Note
-------+----------+-------------------------------------------
     0 | D:1      | NinjaNoafa the Hill Orc Monk began the quest for the Orb.
     0 | D:1      | Reached XP level 1. HP: 19/19 MP: 1/1
   354 | D:1      | Reached XP level 2. HP: 26/26 MP: 2/2
   866 | D:1      | Reached skill level 4 in Polearms
   919 | D:2      | Found Biqousmo's General Store.
   939 | D:2      | Bought a scroll of identify for 24 gold pieces
  1095 | D:2      | Found a shimmering blue altar of Sif Muna.
  1164 | D:2      | Reached XP level 3. HP: 30/31 MP: 3/3
  1270 | D:2      | Found a faded altar of an unknown god.
  1884 | D:3      | Reached skill level 5 in Polearms
  1996 | D:3      | Reached XP level 4. HP: 29/39 MP: 4/4
  2082 | D:3      | Identified the +0 helmet of Beogh's Hope {Stlth+}
  2535 | D:4      | Found a staircase to the Ecumenical Temple.
  2587 | Temple   | Entered the Ecumenical Temple
  2601 | Temple   | Became a worshipper of Hepliaklqana the Forgotten
  2601 | Temple   | Reached * piety under Hepliaklqana
  2601 | Temple   | Reached ** piety under Hepliaklqana
  2693 | D:4      | Remembered your ancestor Aesen as a knight
  2830 | D:4      | Noticed an ogre
  2839 | D:4      | Killed an ogre
  2840 | D:4      | Reached skill level 6 in Polearms
  2840 | D:4      | Reached XP level 5. HP: 40/40 MP: 5/5
  2866 | D:4      | Noticed Edmund
  2912 | D:4      | Upgraded the game from 0.30-a0-823-geb93a13fce to
                  | 0.30-a0-824-g6c64550be9
  2927 | D:4      | Killed Edmund
  2928 | D:4      | Reached skill level 7 in Polearms
  2928 | D:4      | Reached XP level 6. HP: 13/45 MP: 6/6
  3421 | D:5      | Entered Level 5 of the Dungeon
  3442 | D:5      | Reached skill level 8 in Polearms
  3449 | D:5      | Reached XP level 7. HP: 51/51 MP: 7/7
  3471 | D:5      | Reached skill level 9 in Polearms
  3632 | D:5      | Reached skill level 10 in Polearms
  3650 | D:5      | Noticed Eustachio
  3655 | D:5      | Reached XP level 8. HP: 50/57 MP: 8/8
  3683 | D:5      | Killed Eustachio
  3777 | D:5      | Found a glowing drain.
  3820 | Sewer    | Entered a sewer
  3864 | Sewer    | Reached skill level 11 in Polearms
  4516 | D:5      | Found a snail-covered altar of Cheibriados.
  4668 | D:5      | Reached *** piety under Hepliaklqana
  4761 | D:6      | Found a burning altar of Makhleb.
  4761 | D:6      | Found a glowing silver altar of Zin.
  4762 | D:6      | Noticed an angel
  4762 | D:6      | Noticed a balrug
  4771 | D:6      | Reached skill level 12 in Polearms
  4771 | D:6      | Reached skill level 1 in Invocations
  4811 | D:6      | Reached skill level 1 in Armour
  4892 | D:6      | Found a sand-covered staircase.
  4904 | Ossuary  | Entered an ossuary
  5040 | Ossuary  | Reached XP level 9. HP: 59/64 MP: 10/10
  5498 | D:6      | Reached skill level 5 in Fighting
  5706 | D:6      | Found an ancient bone altar of Kikubaaqudgha.
  6053 | D:7      | Reached **** piety under Hepliaklqana
  6525 | D:7      | Found a runed translucent door.
  6526 | D:7      | Noticed Crazy Yiuf
  6607 | D:7      | Reached skill level 5 in Invocations
  6936 | D:8      | Noticed a two-headed ogre
  6949 | D:8      | Killed a two-headed ogre
  6950 | D:8      | Reached skill level 5 in Armour
  6955 | D:8      | Found a staircase to the Lair.
  7011 | D:8      | Reached XP level 10. HP: 77/77 MP: 14/14
  7039 | D:8      | Noticed Maggie
  7072 | D:8      | Killed Maggie
  7161 | D:8      | Found a hide-covered altar of Uskayaw.
  7317 | D:8      | Found a broken altar of Ashenzari.
  7376 | D:8      | Noticed Joseph
  7386 | D:8      | Killed Joseph
  7577 | D:8      | Reached ***** piety under Hepliaklqana
  7646 | D:9      | Found a stormy altar of Qazlal.
  7646 | D:9      | Found an ornate altar of the Wu Jian Council.
  7653 | D:9      | Noticed Maurice
  7662 | D:9      | Killed Maurice
  7774 | D:9      | Noticed Harold
  7783 | D:9      | Killed Harold
  7792 | D:9      | Reached skill level 10 in Invocations
  7802 | D:9      | Found a bloodstained altar of Trog.
  7812 | D:9      | Found a shimmering blue altar of Sif Muna.
  7863 | D:9      | Got Sif Muna's Tome of the Rocks
  7904 | D:9      | Reached XP level 11. HP: 87/87 MP: 18/18
  7969 | D:9      | Found a white marble altar of Elyvilon.
  8064 | D:9      | Reached skill level 13 in Polearms
  8276 | D:9      | Found a transporter.
  8279 | D:9      | Found a transporter.
  8280 | D:9      | Noticed tgirl's ghost (novice VSEn)
  8295 | D:9      | You fall into a shaft and drop 1 floor!
  8295 | D:10     | Entered Level 10 of the Dungeon
  8306 | D:10     | Got Nogatila's Cyclopedia of the Lithic Stinger
  8739 | D:10     | Found a staircase to the Orcish Mines.
  8994 | D:10     | Reached skill level 1 in Evocations
  9005 | D:10     | Noticed a sun demon
  9012 | D:10     | Noticed a sixfirhy
  9017 | D:10     | Noticed a soul eater
  9018 | D:10     | Slain by a sun demon

Illustrated notes

Levels and vault maps discovered:
D:1:      kennysheep_arrival_seaside, layout_basic, hex_large,
          minmay_pentomino_w2
D:2:      layout_basic, basic_altar, ebering_ecumenical_altar_rust,
          serial_shops, shop, nrook_campfire, minmay_vboxes
D:3:      layout_basic
D:4:      layout_basic, minmay_temple_entry_drinking_statues,
          minmay_misc_feat_more_columns, uniq_edmund
D:5:      layout_basic, nicolae_overflow_hidden_temple, portal_sewer_entry_c,
          uniq_eustachio
D:6:      layout_gridville, grunt_temple_overflow_order_and_chaos_2,
          mainiacjoe_overflow_surrounded_room, enter_ossuary_3
D:7:      layout_loops_corners, hex_tiny, uniq_crazy_yiuf_cottage
D:8:      layout_basic, nicolae_uskayaw_murder_on_the_dancefloor,
          ashenzari_altar_1, lair_entry_dummy, uniq_joseph, uniq_maggie
D:9:      layout_roguey, nzn_overflow_gifts_of_might_and_magic,
          chequers_temple_overflow_statue_of_worship, elyvilon_altar_1,
          gammafunk_ghost_hive, minmay_misc_feat_hallway, uniq_maurice,
          uniq_harold
D:10:     layout_grid_maze, orc_0_dummy, gammafunk_ghost_spectres
Temple:   nicolae_temple_bog_church

Skill      XL: |  1  2  3  4  5  6  7  8  9 10 11 |
---------------+----------------------------------+-----
Polearms       | 4 5 6 7 8 10 12 13 | 13.6
Invocations    | 2 6 10 | 10.5
Fighting       | 4 7 9 |  9.0
Armour         | 1 5 6 |  6.3
Evocations     | 1 |  1.5
Dodging        | |  2.4
Stealth        | |  1.5

Action                     |  1- 3 |  4- 6 |  7- 9 | 10-12 || total
---------------------------+-------+-------+-------+-------++-------
  Melee: Spear             |   144 |   114 |   134 |       ||   392
         Short sword       |     5 |     3 |       |       ||     8
         Punch             |     1 |     3 |     8 |       ||    12
         War axe           |       |     3 |       |       ||     3
         Trident           |       |       |   224 |       ||   224
         Halberd           |       |       |    10 |    18 ||    28
         Glaive            |       |       |       |   102 ||   102
 Invoke: Ancestor Life: Kn |       |     1 |       |       ||     1
         Ancestor Identity |       |     1 |       |       ||     1
         Recall Ancestor   |       |       |     1 |     2 ||     3
  Evoke: Wand              |       |       |       |     2 ||     2
    Use: Scroll            |     4 |       |     9 |     4 ||    17
         Potion            |     1 |     2 |       |       ||     3
   Stab: Sleeping          |     3 |     3 |    12 |       ||    18
         Distracted        |       |       |     3 |     3 ||     6
         Betrayed ally     |       |       |     3 |       ||     3
 Armour: Robe              |     4 |       |       |       ||     4
         Ring mail         |    38 |    45 |    75 |    24 ||   182
         Leather armour    |     1 |       |       |       ||     1
         Plate armour      |       |       |       |    38 ||    38
  Dodge: Dodged            |    70 |    58 |    79 |    52 ||   259

Table legend: (Time is in decaauts)
 A = Elapsed time spent in this place.
 B = Non-inter-level travel time spent in this place.
 C = Inter-level travel time spent in this place.
 D = Time resting spent in this place.
 E = Time spent auto-exploring this place.
 F = Levels seen in this place.
 G = Mean time per level.
                   A        B        C        D        E       F      G
               +--------+--------+--------+--------+--------+-----+--------+
         Total |   8873 |   8209 |    664 |    102 |   4638 |  13 |  682.5 |
       Dungeon |   8260 |   7601 |    659 |    102 |   4512 |  10 |  826.0 |
        Temple |    108 |    103 |      5 |      0 |      0 |   1 |  108.0 |
         Sewer |    262 |    262 |      0 |      0 |     42 |   1 |  262.0 |
       Ossuary |    242 |    242 |      0 |      0 |     84 |   1 |  242.0 |
               +--------+--------+--------+--------+--------+-----+--------+

Top non-repeatable levels by time:
     D:5: 982 daAuts
     D:7: 974 daAuts
     D:1: 916 daAuts
     D:3: 905 daAuts
     D:6: 903 daAuts
     D:9: 775 daAuts
     D:4: 755 daAuts
     D:8: 747 daAuts
     D:2: 699 daAuts
    D:10: 600 daAuts
   Sewer: 262 daAuts
 Ossuary: 242 daAuts
  Temple: 108 daAuts
